Match 38834234
Unlisted

Match 38834234
End
Construct Infanterie Kompanie
Grenadier Squad
MG 42 Machine Gun Team
Grenadier Squad
MG 42 Machine Gun Team
Construct Panzergrenadier Kompanie
Medical Station
Panzergrenadier Squad
Pak 40 Anti-tank Gun Team
Selects Mechanized Battlegroup
Selects Raid Package
Selects 8 Rad Armored Car
Selects UNKNOWN (2160084)
8 Rad Armored Car
Selects Spotting Scopes
Selects Stoßtruppen Assault Package
Construct Panzer Kompanie
Selects Zeroing Artillery Barrage
MG 42 Bunker
Panther Heavy Tank
Pak 40 Anti-tank Gun Team
Pioneer Squad
Zeroing Artillery Barrage
Panther Heavy Tank
8 Rad Armored Car
Construct Luftwaffe Kompanie
Support Elements
Grenadier Squad
8 Rad Armored Car
Pioneer Squad
Wirbelwind Flakpanzer
Zeroing Artillery Barrage
8 Rad Armored Car
Foxxo
BIOHAZARD
0
0

Comments sign in to comment!

No comments posted yet!